 Dungeon Crawl Stone Soup version 0.28.0-43-g3370ac3207 (webtiles) character file.

Game seed: 13636542363079079433

91 Eitelfritz the Skirmisher (level 4, 0/41 HPs)
             Began as a Hill Orc Fighter on Mar 4, 2022.
             Slain by an orc priest
             ... wielding a +0 club
              (3 damage)
             ... on level 3 of the Dungeon.
             The game lasted 00:02:55 (2368 turns).

Eitelfritz the Skirmisher (Hill Orc Fighter)        Turns: 2368, Time: 00:02:55

Health: 0/41       AC:  7    Str: 20    XL:     4   Next: 57%
Magic:  4/4        EV:  9    Int:  8    God:
Gold:   123        SH:  4    Dex: 10    Spells: 3/3 levels left

rFire   . . .      SeeInvis .   a - +0 war axe
rCold   . . .      Faith    .   c - +0 buckler
rNeg    . . .      Spirit   .   b - +0 scale mail
rPois   .          Reflect  .   (no helmet)
rElec   .          Harm     .   (no cloak)
rCorr   .          Rampage  .   (no gloves)
Will    .....                   (no boots)
Stlth   ..........              (no amulet)
HPRegen 0.13/turn               (no ring)
MPRegen 0.09/turn               (no ring)

@: mighty
A: no striking features
a: Convert to Beogh


You were on level 3 of the Dungeon.
You visited 1 branch of the dungeon, and saw 3 of its levels.

You collected 123 gold pieces.

Inventory:

Hand Weapons
 a - a +0 war axe (weapon)
Missiles
 j - 4 poisoned darts (quivered)
Armour
 b - a +0 scale mail (worn)
 c - a +0 buckler (worn)
Wands
 p - a wand of mindburst (2)
Scrolls
 g - a scroll of silence {unknown}
 h - a scroll of fog {unknown}
 l - a scroll of summoning {unknown}
 m - a scroll of magic mapping {unknown}
 q - a scroll of vulnerability {unknown}
Potions
 d - a potion of might
 e - a potion of curing {unknown}
 f - a potion of mutation {unknown}
 i - 2 potions of berserk rage {unknown}
 k - 2 potions of cancellation {unknown}
 n - a potion of flight {unknown}
 o - a potion of heal wounds {unknown}


   Skills:
 + Level 4.3 Fighting
 + Level 4.2 Axes
 + Level 3.7 Armour
 + Level 0.3 Dodging
 + Level 0.2 Stealth
 + Level 3.9 Shields


You had 3 spell levels left.
You didn't know any spells.
Your spell library contained the following spells:

 Spells                   Type           Power      Damage    Failure   Level
 Animate Skeleton         Necr           0%         N/A       85%         1
 Apportation              Tloc           0%         N/A       85%         1
 Summon Small Mammal      Summ           0%         N/A       85%         1


Dungeon Overview and Level Annotations

Branches:
Dungeon (3/15)

Altars:
Trog


Message History

You barely miss the orc. The orc hits you with a +0 hand axe.
You barely miss the orc. The orc hits you with a +0 hand axe.
The orc hits you but does no damage.
You slash the orc!
You kill the orc!
Items here: ))) †.
There is a stone staircase leading down here.
You start resting.
HP restored.
You climb downwards.
The orc priest invokes the aid of Beogh against you.
Beogh smites you!
There is a stone staircase leading up here.
The orc priest invokes the aid of Beogh against you.
Beogh smites you!
You barely miss the orc priest.
The orc priest shouts, "Beogh is our master!
Accept the truth or die!"
The orc priest closely misses you.
You hit the orc priest.
The orc priest is lightly wounded.
The orc priest miscasts a cantrip.
You barely miss the orc priest.
The orc priest is lightly wounded.
The orc priest hits you with a +0 club.
* * * LOW HITPOINT WARNING * * *
You closely miss the orc priest.
The orc priest is lightly wounded.
The orc priest hits you with a +0 club.
* * * LOW HITPOINT WARNING * * *
The orc priest hits you but does no damage.
You barely miss the orc priest.
The orc priest is lightly wounded.
The orc priest misses you.
You closely miss the orc priest.
The orc priest is lightly wounded.
The orc priest hits you with a +0 club.
* * * LOW HITPOINT WARNING * * *
You feel very mighty all of a sudden. The orc priest hits you with a +0 club.
You die...

######+#####
#..........#
#..........#
#..........#
#..........###
#.....o@..<..#
##############


You could see an orc priest.

Vanquished Creatures
  4 adders (D:2)
  A worm (D:2)
  A dart slug (D:2)
  4 orcs (D:2)
  2 ball pythons
  3 bats
  4 endoplasms
  2 giant cockroaches
  2 goblins (D:2)
  3 hobgoblins
  4 jackals (D:1)
  5 kobolds (D:2)
  2 quokkas (D:2)
  5 frilled lizards
  3 rats
45 creatures vanquished.

Notes
Turn   | Place    | Note
-------+----------+-------------------------------------------
     0 | D:1      | Eitelfritz the Hill Orc Fighter began the quest for the
                  | Orb.
     0 | D:1      | Reached XP level 1. HP: 19/19 MP: 1/1
    29 | D:1      | Reached XP level 2. HP: 24/27 MP: 2/2
   293 | D:1      | Found a faded altar of an unknown god.
   736 | D:2      | Found a bloodstained altar of Trog.
   816 | D:2      | Reached XP level 3. HP: 11/33 MP: 3/3
  1595 | D:2      | Reached XP level 4. HP: 35/40 MP: 4/4
  2368 | D:3      | Slain by an orc priest

Illustrated notes

Levels and vault maps discovered:
D:1:      minmay_arrival_diagonal_passages, layout_basic,
          hellmonk_ecumenical_altar_blasted
D:2:      minmay_diamond_boxcup, layout_basic, basic_altar
D:3:      layout_basic, cheibrodos_gnoll_hut, uniq_grinder

Skill      XL: |  1  2  3 |
---------------+----------+-----
Axes           | 3 4 |  4.2
Fighting       | 4 |  4.3
Armour         | |  3.7
Dodging        | |  0.3
Stealth        | |  0.2
Shields        | |  3.9

Action                   |  1- 3 |  4- 6 || total
-------------------------+-------+-------++-------
Melee: War axe           |   107 |    58 ||   165
  Use: Potion            |       |     1 ||     1
Armor: Scale mail        |    53 |    29 ||    82
Dodge: Dodged            |    54 |    32 ||    86
Block: Buckler           |    30 |    15 ||    45
